 Dungeon Crawl Stone Soup version 0.24.0-13-gcf9b3192b9 (webtiles) character file.

Game seed: 4816604963796350899, levelgen mode: deterministic

114781 no0bjke the Severer (level 16, -22/100 HPs)
             Began as a Gargoyle Fighter on Nov 5, 2019.
             Was the Champion of Okawaru.
             Killed from afar by a fire giant (57 damage)
             ... with a bolt of fire
             ... on level 1 of the Depths.
             The game lasted 00:48:53 (30145 turns).

no0bjke the Severer (Gargoyle Fighter)             Turns: 30145, Time: 00:48:53

Health: -22/100    AC: 52    Str: 25    XL:     16   Next: 66%
Magic:  26/26      EV:  6    Int: 11    God:    Okawaru [******]
Gold:   1995       SH: 25    Dex: 14    Spells: 15/15 levels left

rFire    . . .     SeeInvis +   P - +14 obsidian axe {chop, +Fly SInv *Curse}
rCold    + + .     Gourm    .   T - +2 large shield
rNeg     + . .     Faith    .   K - +13 crystal plate armour "Hoywnut" {*Contam rC+ SInv Stlth+}
rPois    ∞         Spirit   .   b - +1 hat {MR+}
rElec    +         Reflect  +   x - +0 cloak
rCorr    +         Harm     .   (no gloves)
MR       +++..     NoCast   +   B - +2 pair of boots "Qeynaach" {-Cast rC+ Dex+2}
Stlth    ..........             N - +4 amulet of reflection
HPRegen  0.26/turn              O - ring of resist corrosion
MPRegen  0.20/turn              M - +5 ring of dexterity

@: mesmerised
A: big wings, clumsy 1, high mp 1, magic resistance 1, negative energy
resistance 1, electricity resistance, unbreathing, petrification resistance, rot
immunity, AC +12
a: Fly, Heroism, Finesse, Renounce Religion, Evoke Flight


You were on level 1 of the Depths.
You worshipped Okawaru.
Okawaru was exalted by your worship.
You were hungry.

You visited 5 branches of the dungeon, and saw 25 of its levels.
You also visited: Ossuary.

You collected 2135 gold pieces.
You spent 140 gold pieces at shops.

Inventory:

Hand Weapons
 J - a +1 broad axe of freezing
 P - the +14 obsidian axe (weapon) {chop, +Fly SInv *Curse}
   (Okawaru gifted it to you on level 1 of the Orcish Mines)

   It inflicts extra damage upon your enemies.
   It lets you see invisible.
   It lets you fly.
   It curses itself when equipped.
Armour
 b - a +1 hat of magic resistance (worn)
 x - a +0 cloak (worn)
 B - the +2 pair of boots "Qeynaach" (worn) {-Cast rC+ Dex+2}
   (Okawaru gifted it to you on level 1 of the Lair of Beasts)

   It affects your dexterity (+2).
   It protects you from cold.
   It prevents spellcasting.
 K - the +13 crystal plate armour "Hoywnut" (worn) {*Contam rC+ SInv Stlth+}
   (Okawaru gifted it to you on level 3 of the Lair of Beasts)

   It protects you from cold.
   It lets you see invisible.
   It causes magical contamination when unequipped.
   It makes you more stealthy.
 T - a +2 large shield (worn)
Jewellery
 M - a +5 ring of dexterity (right hand)
 N - a +4 amulet of reflection (around neck)
 O - a ring of resist corrosion (left hand)
Wands
 p - a wand of flame (68)
 s - a wand of acid (13)
 t - a wand of scattershot (7)
 E - a wand of digging (1)
 L - a wand of iceblast (3)
 R - a wand of enslavement (7)
Scrolls
 g - 11 scrolls of remove curse
 h - 2 scrolls of identify
 k - 7 scrolls of teleportation
 m - 8 scrolls of enchant armour
 o - 7 scrolls of amnesia
 q - a scroll of holy word
 r - 5 scrolls of blinking
 v - 5 scrolls of enchant weapon
 y - a scroll of silence
 G - a scroll of fear
 I - a scroll of magic mapping
 Q - a scroll of vulnerability {unknown}
 S - a scroll of fog {unknown}
Potions
 a - 3 potions of haste {unknown}
 d - 2 potions of might
 e - 5 potions of berserk rage
 i - 2 potions of cancellation
 j - a potion of brilliance
 l - 2 potions of agility
 n - 9 potions of degeneration
 u - a potion of mutation
 w - 6 potions of lignification
 z - a potion of invisibility
 A - a potion of magic {unknown}
 C - 2 potions of resistance
 D - 2 potions of heal wounds
 F - a potion of curing
 H - 3 potions of flight
Comestibles
 f - 40 rations


   Skills:
 + Level 11.3 Fighting
 * Level 17.4 Axes
 + Level 11.3 Armour
 + Level 8.4 Dodging
 + Level 11.3 Shields
 + Level 10.7 Invocations


You had 15 spell levels left.
You didn't know any spells.
Your spell library contained the following spells:

 Spells                   Type           Power        Failure   Level  Hunger
 Apportation              Tloc           #.....       100%        1    ##.....
 Confusing Touch          Hex            #.....       100%        1    ##.....
 Freeze                   Ice            #...         100%        1    ##.....
 Infusion                 Chrm           #...         100%        1    ##.....
 Magic Dart               Conj           #...         100%        1    ##.....
 Sandblast                Erth           #.....       100%        1    ##.....
 Sting                    Conj/Pois      #...         100%        1    ##.....
 Blink                    Tloc           N/A          100%        2    ###....
 Call Imp                 Summ           #.......     100%        2    ###....
 Passwall                 Tmut/Erth      #.......     100%        2    ###....
 Searing Ray              Conj           #.....       100%        2    ###....
 Shroud of Golubria       Chrm/Tloc      #.....       100%        2    ###....
 Slow                     Hex            #.......     100%        2    ###....
 Song of Slaying          Chrm           #.......     100%        2    ###....
 Throw Frost              Conj/Ice       #.....       100%        2    ###....
 Confuse                  Hex            #.......     100%        3    ####...
 Conjure Flame            Conj/Fire      #.......     100%        3    ####...
 Dazzling Spray           Conj/Hex       #.....       100%        3    ####...
 Gell's Gravitas          Tloc           #.........   100%        3    ####...
 Mephitic Cloud           Conj/Pois/Air  #.......     100%        3    ####...
 Ozocubu's Armour         Chrm/Ice       #.......     100%        3    ####...
 Regeneration             Chrm/Necr      #.........   100%        3    ####...
 Spectral Weapon          Hex/Chrm       #.......     100%        3    ####...
 Stone Arrow              Conj/Erth      #.....       100%        3    ####...
 Force Lance              Conj/Tloc      #.......     100%        4    #####..
 Fulminant Prism          Conj/Hex       #.........   100%        4    #####..
 Iskenderun's Mystic Bla  Conj           #.......     100%        4    #####..
 Petrify                  Tmut/Erth      #.......     100%        4    #####..
 Summon Ice Beast         Ice/Summ       #.......     100%        4    #####..
 Throw Icicle             Conj/Ice       #.......     100%        4    #####..
 Alistair's Intoxication  Tmut/Pois      #.......     100%        5    ######.
 Irradiate                Conj/Tmut      #.........   100%        5    ######.
 Lee's Rapid Deconstruct  Erth           #.........   100%        5    ######.
 Metabolic Englaciation   Hex/Ice        #.........   100%        5    ######.
 Yara's Violent Unravell  Hex/Tmut       #.........   100%        5    ######.
 Hydra Form               Tmut           #.........   100%        6    #######
 Dragon Form              Tmut           #.........   100%        7    #######
 Disjunction              Tloc           #.........   100%        8    #######
 Statue Form              Tmut/Erth      Unusable     N/A         6    N/A

Dungeon Overview and Level Annotations

Branches:
Dungeon (15/15)            Temple (1/1) D:5            Lair (6/6) D:9
 Shoals (0/4) Lair:2        Snake (0/4) Lair:2        Slime (0/5) Lair:6
    Orc (2/2) D:12            Elf (0/3) Orc:2        Vaults (0/5) D:13
 Depths (1/5) D:15        Ossuary (visited)

Altars:
Dithmenos
Elyvilon
Hepliaklqana
Kikubaaqudgha
Nemelex Xobeh
Okawaru
Ru
Sif Muna
Uskayaw
Xom
Zin
The Shining One
Jiyva

Shops:
D:5 }   D:9 *   Orc:1 =   Orc:2 *=(

Annotations:
D:15 3 runed translucent doors, MadAsgardian's ghost, journeyman TrMo
Lair:1 3 runed translucent doors, Grizz's ghost, journeyman MiFi
Lair:4 exclusion: 5 oklob plants


Innate Abilities, Weirdness & Mutations

You are resistant to torment.
Your stone body is resilient. (AC +12)
You are immune to poison.
Your large and strong wings let you fly indefinitely.
You resist negative energy. (rN+)
You are resistant to electric shocks. (rElec)
You can survive without breathing.
You are immune to petrification.
You are immune to rotting.
You are clumsy. (Dex -2)
You have an increased reservoir of magic. (+10% MP)
You are resistant to hostile enchantments. (MR+)


Message History

The fire giant is heavily wounded.
You slice the rakshasa!!
You kill the rakshasa!
You hear a shout! x2
The fire giant casts a spell at you. The bolt of fire hits you.
You completely miss the fire giant.
The fire giant is heavily wounded.
The fire giant hits you with a +2 great sword of flaming.
The fire giant burns you.
Unknown command.
You slice the fire giant!! You open a gate to Pandemonium!
A demon appears!
The fire giant is severely wounded.
Unknown command.
You completely miss the fire giant.
The fire giant is severely wounded.
The fire giant casts a spell at you. The bolt of fire hits you!!!
Ouch! That really hurt!
You die...

#### ...# ####...
#....# ##
##...##..#
#3(......##
#@.†.......
.......C.........
...........(.....
.................
.................
.....#.##.....(≈.
......# .......≈≈
..≈≈≈. ........≈


You could see a fire giant and a friendly smoke demon.

Vanquished Creatures
  A lich (Depths:1)
  Gastronok (D:11)
  Kirke (D:15)
  The ghost of Lepuefeh the Tortoise, a journeyman MiBe of Trog (Orc:1)
  2 stone giants
  2 very ugly things (Depths:1)
  The ghost of Lutiheq the Grappler, a journeyman DrTm of Wu Jian (Lair:4)
  An ettin (Depths:1)
  Josephine (Lair:4)
  The ghost of Kyusiynim the Covert, a journeyman GnEn (Lair:4)
  A great orb of eyes (D:12)
  Fannar (D:11)
  2 vault guards (D:13)
  4 hydras
  Harold (Orc:1)
  3 centaur warriors
  2 catoblepae
  3 two-headed ogres
  A death knight (D:15)
  12 death yaks
  A vampire mage (D:15)
  2 orc high priests (Orc:2)
  Urug (Lair:5)
  Nergalle (Lair:2)
  4 skeletal warriors (D:15)
  2 unseen horrors
  2 wizards
  A necromancer (D:15)
  10 orc knights
  7 ugly things
  4 deep elf magi
  A merfolk siren (Lair:2)
  3 cyclopes
  9 elephants
  Joseph (D:8)
  6 black mambas
  9 spiny frogs
  A torpor snail (Lair:4)
  A yaktaur zombie (D:15)
  3 rime drakes
  2 freezing wraiths (D:15)
  A komodo dragon (shapeshifter) (D:15)
  A komodo dragon (Lair:6)
  3 yaktaurs
  2 kobold demonologists
  A redback zombie (D:13)
  A guardian mummy (D:15)
  4 trolls
  2 polar bears (Lair:6)
  18 dream sheep
  5 hornets
  18 blink frogs
  10 hippogriffs
  An ettin zombie (D:15)
  5 slime creatures (D:12)
  A centaur simulacrum (D:12)
  A spriggan skeleton (D:15)
  Sigmund (D:2)
  6 humans
  14 spriggans
  2 wyverns
  2 vampires
  A water elemental (Depths:1)
  7 wraiths
  A shadow (D:11)
  11 hogs
  27 yaks
  A hungry ghost (D:12)
  4 basilisks
  Menkaure (D:6)
  4 wargs
  4 nagas (Lair:2)
  A soldier ant (D:15)
  An acid dragon (D:15)
  15 water moccasins
  11 porcupines
  A hornet zombie (D:15)
  3 ice beasts
  Purgy (D:3)
  2 sky beasts
  4 black bears
  An eye of draining (D:15)
  3 phantoms
  26 orc warriors
  11 centaurs
  13 boggarts
  12 ogres
  30 wolves
  16 crocodiles
  2 big kobolds
  11 bullfrogs
  A wyvern skeleton (D:9)
  2 scorpions
  5 killer bees (D:13)
  6 wights (D:13)
  3 howler monkeys
  5 crimson imps
  4 centaur zombies
  A bullfrog zombie (D:10)
  9 hounds
  24 orc priests
  5 jellies
  2 bullfrog skeletons
  4 centaur skeletons
  3 iguanas
  Ijyb (D:3)
  Natasha (twice) (D:3)
  23 orc wizards
  7 worker ants
  2 big kobold zombies (Ossuary)
  2 hound skeletons
  5 mummies (Ossuary)
  A howler monkey skeleton (D:6)
  8 gnolls
  11 adders
  7 shadow imps
  2 oozes
  3 adder zombies
  4 worms
  6 leopard geckos
  72 orcs
  4 giant cockroaches (D:3)
  13 goblins
  7 hobgoblins
  7 jackals
  10 quokkas
  5 bats
  5 frilled lizards
  2 goblin zombies (Ossuary)
  A hobgoblin zombie (Ossuary)
  14 kobolds
  A kobold zombie (Ossuary)
  A leopard gecko skeleton (D:7)
  A leopard gecko zombie (D:5)
  An orc zombie (Ossuary)
  7 rats
  3 plants
749 creatures vanquished.

Vanquished Creatures (collateral kills)
  The ghost of tatocazan the Carver, a journeyman MiFi of Okawaru (Orc:1)
  A vampire knight (Depths:1)
  An ice dragon (Depths:1)
  A vault guard (D:13)
  3 orc high priests (Orc:2)
  A wizard (D:15)
  A spark wasp zombie (D:15)
  A harpy (shapeshifter) (D:15)
  4 ugly things (D:15)
  A cyclops (D:15)
  A deep elf mage (D:15)
  A manticore (D:15)
  A komodo dragon (D:15)
  A freezing wraith (D:15)
  A hippogriff (D:15)
  3 humans (D:13)
  4 orc warriors (Orc:2)
  An ogre (Orc:2)
  2 centaurs (D:13)
  A boggart (Depths:1)
  2 big kobolds (D:15)
  A wyvern zombie (D:15)
  A wight (D:13)
  8 orc priests (Orc:2)
  An orc wizard (D:13)
  11 orcs (Orc:2)
55 creatures vanquished.

Vanquished Creatures (others)
  Nessos (Lair:5)
  A human (D:13)
  A centaur (D:13)
  An orc wizard (D:11)
  A worker ant (D:13)
  2 orcs (D:13)
  A bush (Lair:6)
  14 fungi
  13 plants
  A withered plant (D:15)
36 creatures vanquished.

Grand Total: 840 creatures vanquished

Notes
Turn   | Place    | Note
-------+----------+-------------------------------------------
     0 | D:1      | no0bjke the Gargoyle Fighter began the quest for the Orb.
     0 | D:1      | Reached XP level 1. HP: 14/14 MP: 1/1
    82 | D:1      | Reached skill level 2 in Axes
   250 | D:1      | Reached XP level 2. HP: 19/19 MP: 2/2
   522 | D:2      | Noticed a water moccasin
   531 | D:2      | Killed a water moccasin
   531 | D:2      | Reached skill level 4 in Axes
   531 | D:2      | Reached XP level 3. HP: 13/23 MP: 3/3
   531 | D:2      | Reached XP level 4. HP: 16/28 MP: 4/4
   531 | D:2      | Reached XP level 5. HP: 18/32 MP: 5/5
  1109 | D:2      | Noticed Sigmund
  1122 | D:2      | Killed Sigmund
  1122 | D:2      | Reached skill level 6 in Axes
  1122 | D:2      | Reached XP level 6. HP: 11/37 MP: 6/6
  1489 | D:2      | Found a glowing silver altar of Zin.
  1969 | D:3      | Noticed Natasha
  1975 | D:3      | Killed Natasha
  2007 | D:3      | Noticed Natasha
  2016 | D:3      | Killed Natasha
  2152 | D:3      | Reached XP level 7. HP: 27/41 MP: 7/7
  2171 | D:3      | Found a shimmering altar of Xom.
  2282 | D:3      | Noticed Ijyb
  2282 | D:3      | Noticed Purgy
  2301 | D:3      | Killed Purgy
  2301 | D:3      | Reached skill level 7 in Axes
  2309 | D:3      | Killed Ijyb
  3019 | D:4      | Found a sand-covered staircase.
  3025 | Ossuary  | Entered an ossuary
  3120 | Ossuary  | Reached skill level 8 in Axes
  3350 | D:4      | Reached XP level 8. HP: 46/46 MP: 8/8
  3677 | D:4      | Reached skill level 9 in Axes
  4144 | D:4      | Found a hide-covered altar of Uskayaw.
  4188 | D:5      | Entered Level 5 of the Dungeon
  4619 | D:5      | Found a staircase to the Ecumenical Temple.
  4653 | Temple   | Entered the Ecumenical Temple
  4658 | Temple   | Became a worshipper of Warmaster Okawaru
  4784 | D:5      | Found a white marble altar of Elyvilon.
  4847 | D:5      | Found Osiotifa's Gadget Boutique.
  5143 | D:6      | Reached skill level 10 in Axes
  5202 | D:6      | Reached XP level 9. HP: 51/51 MP: 9/9
  5421 | D:6      | Noticed Menkaure
  5428 | D:6      | Killed Menkaure
  5428 | D:6      | Reached * piety under Okawaru
  5995 | D:7      | Reached skill level 11 in Axes
  6092 | D:7      | Reached ** piety under Okawaru
  6234 | D:7      | Reached skill level 12 in Axes
  7011 | D:8      | Noticed Joseph
  7036 | D:8      | Killed Joseph
  7036 | D:8      | Reached XP level 10. HP: 21/56 MP: 10/10
  7754 | D:8      | Reached *** piety under Okawaru
  8196 | D:9      | Found a staircase to the Lair.
  8225 | D:9      | Reached skill level 13 in Axes
  8666 | D:9      | Found Weofa's Assorted Antiques.
  8673 | D:9      | Bought a transparent pewter ring for 140 gold pieces
  8673 | D:9      | Identified the ring of Apsey {Ice Int+3} (You bought it in
                  | a shop on level 9 of the Dungeon)
  9131 | D:10     | Entered Level 10 of the Dungeon
  9218 | D:10     | Identified Niteff's Handbook of the Nocuous Traveller
  9803 | Lair:1   | Entered Level 1 of the Lair of Beasts
 10437 | D:9      | Reached skill level 1 in Dodging
 10650 | D:9      | Gained mutation: You are covered in fur. (AC +1) [potion of
                  | mutation]
 10650 | D:9      | Gained mutation: Your large and strong wings let you fly
                  | indefinitely. [potion of mutation]
 10650 | D:9      | Gained mutation: Your spells are a little harder to cast,
                  | but a little more powerful. [potion of mutation]
 10651 | D:9      | Lost mutation: Your spells are a little harder to cast, but
                  | a little more powerful. [potion of mutation]
 10651 | D:9      | Lost mutation: You are covered in fur. (AC +1) [potion of
                  | mutation]
 10651 | D:9      | Gained mutation: You have an increased reservoir of magic.
                  | (+10% MP) [potion of mutation]
 10651 | D:9      | Gained mutation: You are clumsy. (Dex -2) [potion of
                  | mutation]
 10651 | D:9      | Gained mutation: You are resistant to hostile enchantments.
                  | (MR+) [potion of mutation]
 10984 | D:11     | Noticed Gastronok
 11006 | D:11     | Killed Gastronok
 11006 | D:11     | Reached **** piety under Okawaru
 11006 | D:11     | Reached XP level 11. HP: 22/62 MP: 12/14
 11827 | D:11     | Noticed Fannar
 12600 | Lair:1   | Reached skill level 5 in Armour
 12609 | Lair:1   | Reached skill level 5 in Fighting
 12609 | Lair:1   | Reached skill level 5 in Shields
 12610 | Lair:1   | Reached ***** piety under Okawaru
 12669 | Lair:1   | Reached skill level 14 in Axes
 13274 | Lair:1   | Received a gift from Okawaru
 13309 | Lair:1   | HP: 3/64 [crocodile (9)]
 13636 | Lair:1   | Noticed Grizz's ghost (journeyman MiFi)
 13637 | Lair:1   | Noticed an eight-headed hydra
 13639 | Lair:1   | Noticed a minotaur
 13857 | Lair:1   | Found a runed translucent gate.
 13859 | Lair:1   | Found a runed translucent gate.
 13860 | Lair:1   | Found a runed translucent gate.
 14365 | Lair:1   | Got a pair of scorched boots {god gift}
 14371 | Lair:1   | Identified the +2 pair of boots "Qeynaach" {-Cast rC+
                  | Dex+2} (Okawaru gifted it to you on level 1 of the Lair of
                  | Beasts)
 14927 | Lair:1   | Reached XP level 12. HP: 35/69 MP: 16/16
 15277 | Lair:2   | Noticed a catoblepas
 15621 | Lair:2   | Killed a catoblepas
 15637 | Lair:2   | Found a staircase to the Snake Pit.
 16017 | Lair:2   | Reached skill level 5 in Invocations
 16037 | Lair:2   | Noticed Nergalle
 16053 | Lair:2   | Killed Nergalle
 16204 | Lair:2   | Found a staircase to the Shoals.
 16589 | Lair:3   | Noticed a death yak
 16590 | Lair:3   | Noticed a death yak
 16591 | Lair:3   | Noticed a death yak
 16592 | Lair:3   | Noticed a death yak
 16592 | Lair:3   | Noticed a death yak
 16593 | Lair:3   | Noticed a death yak
 16621 | Lair:2   | Killed a death yak
 16621 | Lair:2   | Received a gift from Okawaru
 16725 | Lair:2   | Killed a death yak
 17002 | Lair:2   | Killed a death yak
 17236 | Lair:2   | Killed a death yak
 17470 | Lair:2   | Killed a death yak
 17486 | Lair:3   | Killed a death yak
 17636 | Lair:3   | Received a gift from Okawaru
 17750 | Lair:3   | Got an ancient crystal plate armour {god gift}
 17762 | Lair:3   | Identified the +13 crystal plate armour "Hoywnut" {*Contam
                  | rC+ SInv Stlth+} (Okawaru gifted it to you on level 3 of
                  | the Lair of Beasts)
 17904 | Lair:3   | Reached XP level 13. HP: 76/76 MP: 19/19
 17956 | Lair:3   | Found a sparkling altar of Nemelex Xobeh.
 17996 | Lair:3   | Reached skill level 15 in Axes
 18217 | Lair:3   | Reached skill level 5 in Dodging
 18704 | Lair:4   | Found a hazy altar of Hepliaklqana.
 19153 | Lair:4   | Found a runed translucent gate.
 19153 | Lair:4   | Found a runed translucent gate.
 19153 | Lair:4   | Found a runed translucent gate.
 19158 | Lair:4   | Noticed Kyusiynim's ghost (journeyman GnEn)
 19158 | Lair:4   | Noticed Lutiheq's ghost (journeyman DrTm)
 20021 | Lair:4   | Killed Kyusiynim's ghost
 20066 | Lair:4   | Killed Lutiheq's ghost
 20246 | Lair:5   | Noticed Josephine
 20250 | Lair:5   | Noticed Nessos
 20293 | Lair:4   | Killed Josephine
 20541 | Lair:5   | Noticed Urug
 20560 | Lair:5   | Killed Urug
 20640 | Lair:5   | Killed Nessos
 21370 | Lair:6   | Entered Level 6 of the Lair of Beasts
 21410 | Lair:5   | Received a gift from Okawaru
 21516 | Lair:6   | Mutation became permanent: Your large and strong wings let
                  | you fly indefinitely. [Gargoyle growth]
 21516 | Lair:6   | Gained mutation: Your large and strong wings let you fly
                  | indefinitely. [Gargoyle growth]
 21516 | Lair:6   | Reached XP level 14. HP: 75/84 MP: 21/21
 21581 | Lair:6   | Found a viscous altar of Jiyva.
 21581 | Lair:6   | Found a staircase to the Slime Pits.
 21832 | Lair:6   | Reached ****** piety under Okawaru
 21987 | Lair:6   | Received a gift from Okawaru
 22174 | Lair:6   | Reached skill level 16 in Axes
 23064 | D:11     | Killed Fannar
 23795 | D:12     | Found a staircase to the Orcish Mines.
 23812 | D:12     | Received a gift from Okawaru
 24141 | D:12     | Reached XP level 15. HP: 92/92 MP: 23/23
 24229 | D:12     | Reached skill level 10 in Shields
 24405 | D:12     | Reached skill level 10 in Fighting
 24481 | Orc:1    | Entered Level 1 of the Orcish Mines
 24501 | Orc:1    | Found a runed translucent gate.
 24501 | Orc:1    | Found a runed translucent gate.
 24653 | Orc:1    | Found a runed translucent gate.
 24657 | Orc:1    | Noticed tatocazan's ghost (journeyman MiFi)
 24657 | Orc:1    | Noticed Lepuefeh's ghost (journeyman MiBe)
 24800 | Orc:1    | Reached skill level 10 in Armour
 24822 | Orc:1    | Noticed Harold
 24824 | Orc:1    | Found Xeododgh's Jewellery Shop.
 24835 | Orc:1    | Killed Harold
 24835 | Orc:1    | Received a gift from Okawaru
 24836 | Orc:1    | Found the +14 obsidian axe {chop, +Fly SInv *Curse}
 25193 | Orc:1    | Killed tatocazan's ghost
 25196 | Orc:1    | Killed Lepuefeh's ghost
 25209 | Orc:1    | Got a clouded golden ring
 25212 | Orc:1    | Identified the ring "Heguhatt" {rElec rC- rN+++ MR+ Dex+3}
                  | (You found it on level 1 of the Orcish Mines)
 25355 | Orc:2    | Entered Level 2 of the Orcish Mines
 25511 | Orc:2    | Found a staircase to the Elven Halls.
 25658 | Orc:2    | HP: 4/92 [orc high priest/divine providence (16)]
 26580 | Orc:2    | Found Monun's Weapon Boutique.
 26583 | Orc:2    | Found Mier's Assorted Antiques.
 26584 | Orc:2    | Found Fucw's Jewellery Boutique.
 26585 | Orc:2    | Found Ijuywn's Assorted Antiques.
 27834 | D:13     | Received a gift from Okawaru
 27932 | D:13     | Found a gate to the Vaults.
 28537 | D:14     | Reached skill level 10 in Invocations
 28923 | D:15     | Entered Level 15 of the Dungeon
 28971 | D:15     | Reached skill level 17 in Axes
 28973 | D:15     | Reached XP level 16. HP: 96/99 MP: 25/25
 29054 | D:15     | Found a staircase to the Depths.
 29065 | D:15     | Received a gift from Okawaru
 29503 | D:15     | Noticed MadAsgardian's ghost (journeyman TrMo)
 29504 | D:15     | Found a runed translucent gate.
 29504 | D:15     | Found a runed translucent gate.
 29528 | D:15     | Found a runed translucent gate.
 29882 | D:15     | Noticed Kirke
 29899 | D:15     | Killed Kirke
 30064 | Depths:1 | Entered Level 1 of the Depths
 30075 | Depths:1 | Noticed a lich
 30085 | Depths:1 | Killed a lich
 30085 | Depths:1 | Received a gift from Okawaru
 30101 | Depths:1 | Received a gift from Okawaru
 30145 | Depths:1 | Killed from afar by a fire giant

Levels and vault maps discovered:
D:1:      shiori_arrival_oz, layout_rooms
D:2:      layout_basic, lemuel_coloured_pillars_altar, kennysheep_pointless_box,
          kennysheep_generic_room_9, uniq_sigmund
D:3:      layout_basic, lemuel_tele_altar, uniq_natasha, uniq_purgy, uniq_ijyb
D:4:      wad_woods_tower, layout_basic, first_ration,
          nicolae_ossuary_entry_plus, minmay_ruined_shrine
D:5:      layout_basic, minmay_temple_entry_sparse_star, serial_shops,
          kennysheep_mini, elyvilon_altar_4
D:6:      layout_basic, uniq_menkaure
D:7:      layout_basic, serial_glass, glass_columns_b, glass_columns_b,
          grunt_livestock
D:8:      layout_basic, uniq_joseph
D:9:      layout_cave_pools, lair_entry_dummy, serial_rivers,
          chequers_serial_rivers_micro_d, chequers_serial_rivers_micro_e,
          chequers_serial_rivers_small_b, chequers_serial_rivers_large_a,
          chequers_serial_rivers_micro_a, chequers_serial_rivers_micro_d,
          serial_shops, nicolae_shop_stone
D:10:     layout_basic
D:11:     layout_loops_ring, minmay_misc_feat_square, uniq_fannar,
          uniq_gastronok
D:12:     layout_roguey, erik_orc_3, minivault_28
D:13:     layout_loops_ring, ximxim_vaults_locker_room, lemuel_flamethrower_2
D:14:     layout_stronghold
D:15:     gammafunk_depths_entry_grave, layout_stronghold,
          minmay_misc_feat_doors, gammafunk_ghost_split, uniq_kirke
Temple:   grunt_wide_crystal_templ
Lair:1:   layout_cave_pods, maelrawn_ghost_gauntlet_escape, st_stairs_9,
          hangedman_lair_generics_rect
Lair:2:   layout_hall_layers, minmay_shoals_entry_lonely_mermaid,
          minmay_snake_entry_guardpost_small, grunt_megastairs_2,
          lemuel_fruit_tree, uniq_nergalle
Lair:3:   layout_concentric_octagons, basic_altar
Lair:4:   cheibrodos_lair_river_kwai, layout_hall_layers,
          gammafunk_ghost_cemetery, lemuel_oklob_altar,
          minmay_lair_oklob_chamber, infiniplex_staircase_pool,
          grunt_megastairs_4
Lair:5:   layout_gridlike, serial_bayou_shore_b, uniq_urug, uniq_josephine,
          uniq_nessos
Lair:6:   minmay_lair_end_enchanted_forest, layout_regular_city, slime_altar_1
Orc:1:    layout_diamond_mine, gammafunk_ghost_cemetery, serial_shops,
          shop_statue, uniq_harold
Orc:2:    st_orc_pillars, layout_caves
Depths:1: hangedman_elemental_death_ray, layout_cave_pools,
          hangedman_coc_ice_floe, abyss_entry, wad_scary_box, minmay_shop_grove

Skill      XL: |  1  2  3  4  5  6  7  8  9 10 11 12 13 14 15 16 |
---------------+-------------------------------------------------+-----
Axes           | 2 4 6 8 10 12 13 14 15 16 17 | 17.4
Dodging        | 2 3 4 5 6 7 8 |  8.4
Fighting       | 4 5 7 8 9 10 11 | 11.3
Armour         | 4 5 7 8 9 10 11 | 11.3
Shields        | 4 5 7 8 9 10 11 | 11.3
Invocations    | 2 4 6 7 9 10 | 10.7

Action                   |  1- 3 |  4- 6 |  7- 9 | 10-12 | 13-15 | 16-18 || total
-------------------------+-------+-------+-------+-------+-------+-------++-------
Melee: War axe           |    50 |   134 |   466 |   216 |       |       ||   866
       Broad axe         |       |       |       |   725 |  1216 |   187 ||  2128
Invok: Heroism           |       |       |       |     6 |    10 |     2 ||    18
       Finesse           |       |       |       |     1 |     6 |     1 ||     8
 Abil: Fly               |       |       |       |     1 |       |       ||     1
       Stop Flying       |       |       |       |     1 |       |       ||     1
  Use: Scroll            |       |       |    12 |    16 |     4 |     1 ||    33
       Potion            |       |       |       |     7 |       |       ||     7
 Stab: Distracted        |       |       |     1 |       |     2 |     2 ||     5
  Eat: Chunk             |       |     4 |    15 |    20 |    30 |     4 ||    73
       Ration            |       |       |       |     5 |     2 |       ||     7
Armor: Scale mail        |    36 |    53 |   124 |       |       |       ||   213
       Chain mail        |       |       |   174 |   290 |       |       ||   464
       Plate armour      |       |       |       |   303 |       |       ||   303
       Skin              |       |       |       |     1 |       |       ||     1
       Crystal plate arm |       |       |       |    21 |   816 |    76 ||   913
Dodge: Dodged            |    16 |    27 |   126 |   184 |   217 |    28 ||   598
Block: Shield            |    23 |    62 |   189 |   430 |   911 |       ||  1615
       Reflection        |       |       |       |       |    22 |    14 ||    36
       Large shield      |       |       |       |       |    29 |   177 ||   206
